 Dungeon Crawl Stone Soup version 0.23.2-1-ga50397a (webtiles) character file.

Game seed: 12400703997867880029

5203 HEYYEYAAE the Spear-Bearer (level 10, -1/73 HPs)
             Began as a Demigod Gladiator on May 5, 2019.
             Killed from afar by a killer bee (5 damage)
             ... with an exploding inner flame
             ... hexed by the player character
             ... on level 7 of the Dungeon.
             The game lasted 00:12:28 (11278 turns).

HEYYEYAAE the Spear-Bearer (Demigod Gladiator)     Turns: 11278, Time: 00:12:29

Health: -1/73      AC: 20    Str: 23      XL:     10   Next: 13%
Magic:  13/13      EV:  9    Int: 12      God:
Gold:   598        SH:  0    Dex: 20 (21) Spells: 9/9 levels left

rFire    . . .     SeeInvis .   y - +3 morningstar "Sarcophage" {protect, Dex+4}
rCold    + + .     Gourm    .   (no shield)
rNeg     . . .     Faith    .   q - +0 chain mail
rPois    .         Spirit   .   i - +2 helmet
rElec    .         Reflect  .   w - +0 cloak
rCorr    .         Harm     .   (no gloves)
MR       +....                  l - +0 pair of boots
Stlth    ..........             m - amulet of the acrobat
HPRegen  0.22/turn              g - ring of protection from cold
MPRegen  0.13/turn              p - ring of protection from cold

@: lethally poisoned (-1 -> -7), protection aura, very slightly contaminated,
invisible
A: high mp 1
a: no special abilities


You were on level 7 of the Dungeon.
You were not hungry.

You visited 1 branch of the dungeon, and saw 10 of its levels.

You collected 598 gold pieces.

Inventory:

Hand Weapons
 a - a +0 trident
 s - a +0 halberd
 y - the +3 morningstar "Sarcophage" (weapon) {protect, Dex+4}
   (You found it on level 7 of the Dungeon)

   It protects the one who uses it against injury (+AC on strike).
   It affects your dexterity (+4).
Missiles
 d - 5 throwing nets (quivered)
Armour
 i - a +2 helmet (worn)
 l - a +0 pair of boots (worn)
 q - a +0 chain mail (worn)
 w - a +0 cloak (worn)
Jewellery
 g - a ring of protection from cold (left hand)
 m - an amulet of the acrobat (around neck)
 p - a ring of protection from cold (right hand)
Wands
 u - a wand of digging (7)
 z - a wand of acid (8)
 C - a wand of scattershot (4)
Scrolls
 b - 3 scrolls of teleportation
 c - 4 scrolls of amnesia
 k - 3 scrolls of magic mapping
 n - 3 scrolls of remove curse
 r - a scroll of noise
 v - 2 scrolls of fog
 x - a scroll of vulnerability
 D - a scroll of enchant weapon
Potions
 e - a potion of resistance
 j - 3 potions of brilliance
 o - 2 potions of mutation
 B - 2 potions of flight
Comestibles
 f - 17 rations


   Skills:
 - Level 1.7 Fighting
 + Level 13.8 Polearms
 - Level 1.7 Throwing
 - Level 2.6 Dodging


You had 9 spell levels left.
You didn't know any spells.
Your spell library contained the following spells:

 Spells                   Type           Power        Failure   Level  Hunger
 Poisonous Vapours        Pois/Air       #.....       99%         2    ###....
 Conjure Flame            Conj/Fire      #.......     100%        3    ####...
 Mephitic Cloud           Conj/Pois/Air  #.......     100%        3    ####...
 Freezing Cloud           Conj/Ice/Air   #.........   100%        6    #######
 Ring of Flames           Chrm/Fire      #.........   100%        7    #######


Dungeon Overview and Level Annotations

Branches:
Dungeon (10/15)            Temple (0/1) D:4
   Lair: D:8-11         Orc: D:9-12

Annotations:
D:9 1 runed translucent door, grenoire's ghost, novice MiBe


Innate Abilities, Weirdness & Mutations

You have an increased reservoir of magic. (+10% MP)


Message History

The killer bee closely misses you.
The killer bee stings you but does no damage.
You sock the bullfrog!
Your weapon exudes an aura of protection.
The bullfrog explodes!
The fiery explosion engulfs the killer bee!!
The killer bee explodes!
The fiery explosion engulfs the killer bee!!
The killer bee explodes!
The fiery explosion engulfs the hungry ghost!!!
The hungry ghost explodes!
The fiery explosion engulfs the killer bee!!
The killer bee explodes!
The fiery explosion engulfs the killer bee!
The killer bee is almost dead.
You feel your dexterity returning.
The fiery explosion engulfs the killer bee!!
The killer bee explodes!
The fiery explosion engulfs you.
You die...

.....#.#.###...............#
#....#######..####.....(...##
......##.........#..........##
#...............##....##.....#
###.......###.........#......#
.........####.........<.....##
.........###...............##
...........#..#§§.........##
.............##§@§........#
.............#§§§§........#
........##..§§§§.§.......##
........#..###§...........#
............###...........####
.........#.####....##.#......##
.........###
#........###.....## .........#
##.##.....##......##
...........
....####..#.........


There were no monsters in sight!

Vanquished Creatures
  Grinder (D:3)
  A hippogriff (D:8)
  A wraith (D:10)
  A wyvern (D:9)
  4 hogs (D:9)
  A human (D:9)
  3 hungry ghosts
  3 ice beasts
  An orc warrior (D:6)
  A phantom (D:6)
  2 black bears (D:9)
  2 ogres
  3 centaurs
  7 bullfrogs
  A water moccasin zombie (D:6)
  3 scorpions
  6 killer bees
  3 wights (D:8)
  A howler monkey (D:3)
  2 crimson imps
  2 bullfrog zombies
  A quasit (D:9)
  A centaur zombie (D:9)
  4 hounds
  Crazy Yiuf (D:2)
  2 jellies
  A bullfrog skeleton (D:5)
  3 orc priests
  5 orc wizards
  A centaur skeleton (D:4)
  Jessica (D:2)
  2 iguanas
  7 worker ants
  A hound zombie (D:6)
  A hound skeleton (D:9)
  3 worker ant zombies
  Robin (D:2)
  7 gnolls
  9 adders
  A shadow imp (D:7)
  2 oozes
  An adder zombie (D:4)
  An adder skeleton (D:5)
  3 worms
  3 dart slugs
  4 leopard geckos
  26 orcs
  5 bats
  5 giant cockroaches
  19 goblins
  9 hobgoblins
  19 jackals
  6 kobolds
  8 quokkas
  A ball python (D:9)
  5 frilled lizards
  A leopard gecko zombie (D:5)
  A quokka skeleton (D:6)
  2 quokka zombies (D:5)
  6 rats
228 creatures vanquished.

Vanquished Creatures (others)
  A hippogriff (D:4)
1 creature vanquished.

Grand Total: 229 creatures vanquished

Notes
Turn   | Place    | Note
-------+----------+-------------------------------------------
     0 | D:1      | HEYYEYAAE the Demigod Gladiator began the quest for the
                  | Orb.
     0 | D:1      | Reached XP level 1. HP: 17/17 MP: 3/3
   100 | D:1      | Reached skill level 3 in Polearms
   273 | D:1      | Reached XP level 2. HP: 20/24 MP: 4/4
   824 | D:2      | Found a snail-covered altar of Cheibriados.
   902 | D:2      | Found a shattered altar of Ashenzari.
   943 | D:2      | Reached XP level 3. HP: 20/29 MP: 5/5
   948 | D:2      | Reached skill level 4 in Polearms
  1077 | D:2      | Noticed Robin
  1119 | D:2      | Killed Robin
  1489 | D:2      | Noticed Jessica
  1512 | D:3      | Reached XP level 4. HP: 4/36 MP: 6/6
  1933 | D:3      | Noticed a bullfrog
  1945 | D:3      | Killed a bullfrog
  1945 | D:3      | Reached skill level 5 in Polearms
  2030 | D:3      | Reached XP level 5. HP: 40/41 MP: 7/7
  2886 | D:3      | Noticed Grinder
  2948 | D:4      | Reached skill level 6 in Polearms
  3017 | D:4      | Reached XP level 6. HP: 13/48 MP: 8/8
  3240 | D:4      | Found a staircase to the Ecumenical Temple.
  3850 | D:4      | Reached skill level 7 in Polearms
  3907 | D:4      | Found a glowing golden altar of the Shining One.
  3914 | D:4      | Noticed a hippogriff
  3916 | D:4      | Found a transporter.
  3972 | D:4      | Found a transporter.
  4469 | D:3      | Paralysed by Grinder for 4 turns
  4476 | D:3      | Killed Grinder
  4476 | D:3      | Reached skill level 8 in Polearms
  4476 | D:3      | Reached XP level 7. HP: 36/53 MP: 9/9
  4495 | D:3      | Found a shattered altar of Ashenzari.
  4495 | D:3      | Found an opulent altar of Gozag.
  4726 | D:2      | Killed Jessica
  4939 | D:2      | Found a runed translucent door.
  4940 | D:2      | Noticed Crazy Yiuf
  5173 | D:2      | Killed Crazy Yiuf
  5431 | D:4      | Killed a hippogriff
  5491 | D:5      | Entered Level 5 of the Dungeon
  5618 | D:5      | Reached skill level 9 in Polearms
  5645 | D:5      | Found a shadowy altar of Dithmenos.
  5980 | D:5      | Reached XP level 8. HP: 53/60 MP: 10/10
  6168 | D:5      | Found a white marble altar of Elyvilon.
  6332 | D:6      | Found an ornate altar of the Wu Jian Council.
  6346 | D:6      | Found a blossoming altar of Fedhas.
  6382 | D:6      | Reached skill level 10 in Polearms
  7286 | D:6      | Reached skill level 11 in Polearms
  7881 | D:7      | Got an encrusted morningstar
  7882 | D:7      | Identified the cursed +3 morningstar "Sarcophage" {protect,
                  | Dex+4} (You found it on level 7 of the Dungeon)
  7962 | D:7      | Reached XP level 9. HP: 67/67 MP: 11/11
  8429 | D:8      | Reached skill level 12 in Polearms
  8819 | D:8      | Found a shimmering altar of Xom.
  8930 | D:8      | Found a stormy altar of Qazlal.
  9403 | D:9      | Found a blossoming altar of Fedhas.
  9493 | D:9      | Reached skill level 13 in Polearms
  9776 | D:9      | Found a radiant altar of Vehumet.
  9868 | D:9      | Found a hazy altar of Hepliaklqana.
  9959 | D:9      | Found a sacrificial altar of Ru.
 10010 | D:9      | Reached XP level 10. HP: 73/73 MP: 13/13
 10137 | D:9      | Found a runed translucent door.
 10137 | D:9      | Noticed grenoire's ghost (novice MiBe)
 10277 | D:9      | Found a deep blue altar of Sif Muna.
 10330 | D:10     | Entered Level 10 of the Dungeon
 10657 | D:10     | HP: 3/73 [something (4)]
 11044 | D:10     | Noticed a brown ugly thing
 11278 | D:7      | Killed from afar by a killer bee

Skill      XL: |  1  2  3  4  5  6  7  8  9 |
---------------+----------------------------+-----
Polearms       | 3 4 5 6 8 9 11 13 | 13.8
Fighting       | |  1.7
Throwing       | |  1.7
Dodging        | |  2.6

Action                   |  1- 3 |  4- 6 |  7- 9 | 10-12 || total
-------------------------+-------+-------+-------+-------++-------
Melee: Trident           |   148 |   214 |       |       ||   362
       Halberd           |       |    36 |   450 |       ||   486
       Morningstar       |       |       |   174 |    93 ||   267
Throw: Throwing net      |       |     1 |       |       ||     1
  Use: Potion            |     5 |     2 |     5 |     3 ||    15
       Scroll            |     1 |     7 |     9 |     4 ||    21
 Stab: Sleeping          |     3 |     1 |       |       ||     4
       Invisible         |       |       |     2 |     1 ||     3
       Distracted        |       |       |     1 |       ||     1
       Paralysed         |       |       |     2 |       ||     2
  Eat: Chunk             |     2 |     9 |    13 |     3 ||    27
       Ration            |       |       |     4 |     1 ||     5
Armor: Leather armour    |    43 |    54 |       |       ||    97
       Chain mail        |       |    16 |   391 |   161 ||   568
       Scale mail        |       |     9 |       |       ||     9
       Skin              |       |       |    32 |       ||    32
Dodge: Dodged            |   103 |   150 |   362 |   159 ||   774
